 Dungeon Crawl Stone Soup version 0.22.1-1-ga44c0e56f4 (webtiles) character file.

22666 Nixze the Archer (level 12, -10/112 HPs)
             Began as a Centaur Hunter on Nov 1, 2018.
             Was a High Priest of Okawaru.
             Mangled by Rupert
             ... wielding a +0 great mace of holy wrath
              (23 damage)
             ... while paralysed by Rupert
             ... on level 2 of the Lair of Beasts.
             The game lasted 01:29:26 (21423 turns).

Nixze the Archer (Centaur Hunter)                  Turns: 21423, Time: 01:29:27

Health: -10/112    AC: 17    Str: 25    XL:     12   Next: 65%
Magic:  17/17      EV:  1    Int: 10    God:    Okawaru [*****.]
Gold:   838        SH:  0    Dex: 18    Spells: 11/18 levels left

rFire    + . .     SeeInvis .   a - +2 shortbow
rCold    . . .     Gourm    .   (shield currently unavailable)
rNeg     . . .     Faith    .   (no armour)
rPois    +         Spirit   .   r - +1 helmet of the Hills {Dex+8}
rElec    .         Reflect  +   c - +2 cloak
rCorr    .         Harm     .   (no gloves)
MR       .....                  v - +1 centaur barding {rF+}
Stlth    +.........             U - +3 amulet of reflection
HPRegen  0.28/turn              w - +4 ring of protection
MPRegen  0.15/turn              V - ring "Xukhuot" {rPois Str+5}

@: paralysed, studying Necromancy, very quick
A: large, hooves 3, deformed body, speed 2, tough skin 3
a: Heroism, Finesse, Renounce Religion


You were on level 2 of the Lair of Beasts.
You worshipped Okawaru.
Okawaru was extremely pleased with you.
You were hungry.

You visited 3 branches of the dungeon, and saw 16 of its levels.
You also visited: Labyrinth.

You collected 838 gold pieces.

Inventory:

Hand Weapons
 a - a +2 shortbow (weapon)
 b - the +7 mace of Thoughtfulness {freeze, rElec}
   (You found it on level 6 of the Dungeon)

   It has been specially enchanted to freeze those struck by it, causing extra
   injury to most foes and up to half again as much damage against particularly
   susceptible opponents.
   It can also slow down cold-blooded creatures.
   It insulates you from electricity.
Missiles
 B - 85 arrows (quivered)
 Y - 8 exploding tomahawks
Armour
 c - a +2 cloak (worn)
 r - the +1 helmet of the Hills (worn) {Dex+8}
   (You took it off Robin on level 2 of the Dungeon)

   It affects your dexterity (+8).
 v - a +1 centaur barding of fire resistance (worn)
Jewellery
 w - a +4 ring of protection (left hand)
 E - an uncursed ring of protection from cold
 P - an uncursed ring of resist corrosion
 U - a +3 amulet of reflection (around neck)
 V - the ring "Xukhuot" (right hand) {rPois Str+5}
   (You found it in a labyrinth)

   [ring of strength]

   It affects your strength (+5).
   It protects you from poison.
Wands
 l - a wand of iceblast (32)
 C - a wand of polymorph (18)
 H - a wand of paralysis (22)
 M - a wand of random effects (53)
 R - a wand of digging (13)
 S - a wand of flame (35)
Scrolls
 e - a scroll of acquirement {unknown}
 i - 8 scrolls of remove curse
 k - 4 scrolls of fog
 n - 9 scrolls of teleportation
 t - a scroll of vulnerability {unknown}
 u - 2 scrolls of identify
 x - a scroll of enchant armour
 z - 4 scrolls of enchant weapon
 A - 2 scrolls of fear
 J - a scroll of blinking
 K - 2 scrolls of immolation
 L - 2 scrolls of magic mapping
 Q - a scroll of holy word
 T - a scroll of silence {unknown}
 X - a scroll of brand weapon {unknown}
Potions
 d - a potion of mutation {unknown}
 g - 8 potions of curing
 h - 3 potions of resistance
 j - a potion of invisibility {unknown}
 m - 2 potions of flight
 o - a potion of might {unknown}
 q - 2 potions of brilliance
 s - a potion of lignification {unknown}
 D - 2 potions of berserk rage
 F - 3 potions of haste
 G - 2 potions of agility {unknown}
 O - 3 potions of heal wounds
Books
 W - a manual of Necromancy
Comestibles
 f - 25 rations


   Skills:
 * Level 12.2 Fighting
 + Level 7.6 Maces & Flails
 + Level 14.2 Bows
 - Level 3.3 Throwing
 - Level 1.3 Dodging
 - Level 0.4 Stealth
 - Level 3.0 Unarmed Combat
 * Level 3.7 Spellcasting
 + Level 3.2 Hexes
 + Level 3.1 Charms
 + Level 4.3 Necromancy
 * Level 4.5 Translocations
 + Level 3.7 Invocations


You had 11 spell levels left.
You knew the following spells:

 Your Spells              Type           Power        Failure   Level  Hunger
a - Blink                 Tloc           N/A          6%          2    ###....
b - Regeneration          Chrm/Necr      #.........   17%         3    ###....
c - Slow                  Hex            #.......     11%         2    ###....

Your spell library contained the following spells:

 Spells                   Type           Power        Failure   Level  Hunger
 Animate Skeleton         Necr           N/A          4%          1    #......
 Pain                     Necr           ##..         4%          1    #......
 Vampiric Draining        Necr           ##........   13%         3    ###....
 Flame Tongue             Conj/Fire      #....        26%         1    #......
 Magic Dart               Conj           #...         26%         1    #......
 Call Imp                 Summ           #.......     36%         2    ###....
 Searing Ray              Conj           #.....       36%         2    ###....
 Throw Flame              Conj/Fire      #.....       36%         2    ###....
 Dazzling Spray           Conj/Hex       #.....       38%         3    ###....
 Inner Flame              Hex/Fire       #.......     38%         3    ###....
 Animate Dead             Necr           N/A          41%         4    #####..
 Conjure Flame            Conj/Fire      #.......     61%         3    ###....
 Mephitic Cloud           Conj/Pois/Air  #.......     61%         3    ###....
 Force Lance              Conj/Tloc      #.......     71%         4    #####..
 Fulminant Prism          Conj/Hex       #.........   80%         4    #####..
 Iskenderun's Mystic Bla  Conj           #.......     95%         4    #####..
 Sticky Flame             Conj/Fire      #.......     95%         4    #####..
 Summon Lightning Spire   Summ/Air       #.......     95%         4    #####..
 Silence                  Hex/Air        #.........   98%         5    ######.
 Fireball                 Conj/Fire      #.........   100%        5    ######.
 Conjure Ball Lightning   Conj/Air       #.........   100%        6    #######
 Deflect Missiles         Chrm/Air       #.........   100%        6    #######
 Tornado                  Air            #.........   100%        9    #######


Dungeon Overview and Level Annotations

Branches:
Dungeon (12/15)            Temple (1/1) D:4            Lair (3/6) D:8
    Orc (0/2) D:10
  Swamp: Lair:2-4    Shoals: Lair:2-4     Snake: Lair:2-4    Spider: Lair:2-4

Altars:
Cheibriados
Dithmenos
Gozag
Kikubaaqudgha
Makhleb
Okawaru
Qazlal
Ru
Uskayaw
Vehumet
Wu Jian
Xom
The Shining One

Shops:
D:4 (

Portals:
Trove: D:10 (give +6 demon whip)

Annotations:
D:11 2 runed doors, LLavrengius's ghost, journeyman CeHu
D:12 Nessos
Lair:2 exclusion: 2 oklob plants, Rupert
Lair:3 Nergalle


Innate Abilities, Weirdness & Mutations

You have hooves in place of feet.
Armour fits poorly on your strangely shaped body.
You cover ground very quickly.
You have extremely tough skin. (AC +3)


Message History

Press: ? - help, Shift-Dir - straight line, f/p - Rupert
Aim: Rupert, wielding a great mace of holy wrath and wearing a chain mail You shoot an arrow.
The arrow hits Rupert!
Rupert is severely wounded.
Firing (i - inventory. (/) - cycle)
B - 86 arrows (quivered)
Press: ? - help, Shift-Dir - straight line, f/p - Rupert
Aim: Rupert, wielding a great mace of holy wrath and wearing a chain mail You shoot an arrow.
The arrow hits Rupert!
Rupert is almost dead.
Rupert roars wildly at you.
You suddenly lose the ability to move!
Rupert looks more energetic.
Rupert roars madly and goes into a rage!
Rupert goes berserk!
Rupert hits you with a great mace of holy wrath!
* * * LOW HITPOINT WARNING * * *
Rupert hits you with a great mace of holy wrath!!
* * * LOW HITPOINT WARNING * * *
Rupert hits you with a great mace of holy wrath!!
You die...

#..<.##P....##...(..#P.P#
P....##.....P#.........##
#.P.####.(..##..(...##.#
#.#####..........(..#..##
P'##...#.(...#...(..##.P#
...............P#..##..P#
................#.###..##
.........((............#
.........(..(..@@......#
.((..(.................##
#.#..P.......####..##...##
####.##......####+.##..#.#
##...##......##....##...##
P#....#......##....##..##
.#....#.......#.....#..##
+.....'.............#..P#
P#....#.......P....''..##


You could see Rupert (berserk).

Vanquished Creatures
  A minotaur (Lab)
  2 hydras
  A two-headed ogre (D:10)
  Pikel (D:4)
  An elephant (Lair:2)
  A black mamba (Lair:2)
  3 spiny frogs (Lair:1)
  A rime drake (Lair:1)
  3 komodo dragons
  A minotaur zombie (Lab)
  A queen bee (Lair:2)
  A troll (D:9)
  A hornet (D:10)
  Grinder (D:5)
  2 blink frogs (Lair:2)
  2 dream sheep (D:9)
  4 hippogriffs
  Sigmund (D:5)
  20 yaks
  5 basilisks
  4 hungry ghosts (Lab)
  Edmund (D:5)
  9 water moccasins
  6 porcupines
  4 orc warriors
  A slave (D:4)
  3 sky beasts
  3 black bears
  An ice beast (D:6)
  4 ogres
  3 phantoms
  A necrophage (D:11)
  8 wolves
  4 centaurs
  11 crocodiles
  5 big kobolds
  2 wyvern zombies
  Blork the orc (D:4)
  9 bullfrogs
  A wyvern skeleton (D:10)
  2 scorpions
  37 killer bees
  5 wights (D:6)
  4 howler monkeys
  An electric eel (D:10)
  6 crimson imps
  2 centaur zombies
  A quasit (D:11)
  6 hounds
  A jelly (D:6)
  6 orc priests
  12 orc wizards
  Jessica (D:3)
  Ijyb (D:4)
  A bullfrog skeleton (D:11)
  2 iguanas
  2 hell rats (Lair:2)
  3 worker ants
  A howler monkey zombie (D:7)
  Robin (D:2)
  A worker ant zombie (D:10)
  4 gnolls (D:2)
  11 adders
  A river rat (Lair:1)
  2 shadow imps
  An ooze (D:3)
  3 adder skeletons
  An adder zombie (D:6)
  3 worms
  4 dart slugs
  5 leopard geckos
  57 orcs
  3 ball pythons
  5 bats
  9 giant cockroaches
  17 goblins
  11 hobgoblins
  11 jackals
  5 quokkas
  3 frilled lizards
  16 kobolds
  A quokka skeleton (D:4)
  2 quokka zombies
  5 rats
410 creatures vanquished.

Vanquished Creatures (others)
  A bush (Lair:3)
  4 plants
5 creatures vanquished.

Grand Total: 415 creatures vanquished

Notes
Turn   | Place    | Note
-------+----------+-------------------------------------------
     0 | D:1      | Nixze the Centaur Hunter began the quest for the Orb.
     0 | D:1      | Reached XP level 1. HP: 17/17 MP: 1/1
   302 | D:1      | Reached skill level 6 in Bows
   302 | D:1      | Reached XP level 2. HP: 20/24 MP: 2/2
   625 | D:1      | Reached XP level 3. HP: 20/29 MP: 3/3
  1587 | D:2      | Reached skill level 7 in Bows
  1831 | D:2      | Noticed Robin
  1872 | D:2      | HP: 1/29 [goblin/club[Robin] (4)]
  1876 | D:2      | Reached XP level 4. HP: 23/36 MP: 4/4
  1900 | D:2      | Killed Robin
  1907 | D:2      | Got a dazzling helmet
  2041 | D:2      | Identified the +1 helmet of the Hills {Dex+8} (You took it
                  | off Robin on level 2 of the Dungeon)
  2608 | D:2      | Reached skill level 8 in Bows
  3110 | D:2      | Found a shimmering altar of Xom.
  3208 | D:3      | Reached XP level 5. HP: 41/41 MP: 5/5
  4017 | D:3      | Noticed Jessica
  4028 | D:3      | Killed Jessica
  4028 | D:3      | Reached skill level 9 in Bows
  4766 | D:3      | Reached XP level 6. HP: 34/48 MP: 6/6
  4923 | D:3      | Reached skill level 10 in Bows
  4992 | D:4      | Noticed Ijyb
  5004 | D:4      | Killed Ijyb
  5019 | D:4      | Found Atsub Lulu's Antique Weapon Shop.
  5069 | D:4      | Found a staircase to the Ecumenical Temple.
  5259 | D:4      | Reached skill level 11 in Bows
  5259 | D:4      | Reached XP level 7. HP: 39/55 MP: 7/7
  5287 | Temple   | Entered the Ecumenical Temple
  5295 | Temple   | Became a worshipper of Warmaster Okawaru
  5318 | D:4      | Noticed Blork the orc
  5337 | D:4      | Killed Blork the orc
  5915 | D:4      | Found a snail-covered altar of Cheibriados.
  5915 | D:4      | Found a hide-covered altar of Uskayaw.
  6358 | D:4      | Noticed Pikel
  6650 | D:4      | Killed Pikel
  6650 | D:4      | Reached * piety under Okawaru
  6650 | D:4      | Reached ** piety under Okawaru
  6650 | D:4      | Reached skill level 13 in Bows
  6650 | D:4      | Reached XP level 8. HP: 16/61 MP: 8/8
  6974 | D:5      | Entered Level 5 of the Dungeon
  7025 | D:5      | Noticed Grinder
  7199 | D:5      | Noticed Sigmund
  7346 | D:5      | Killed Sigmund
  7404 | D:5      | Noticed Edmund
  7619 | D:5      | Reached skill level 14 in Bows
  7768 | D:5      | Killed Edmund
  7768 | D:5      | Reached skill level 1 in Throwing
  7768 | D:5      | Reached skill level 1 in Unarmed Combat
  7911 | D:5      | Killed Grinder
  7911 | D:5      | Reached *** piety under Okawaru
  8870 | D:6      | Reached XP level 9. HP: 67/70 MP: 9/9
  8898 | D:6      | Found a burning altar of Makhleb.
  9182 | D:6      | Got a fine mace
  9183 | D:6      | Identified the +7 mace of Thoughtfulness {freeze, rElec}
                  | (You found it on level 6 of the Dungeon)
  9342 | D:6      | Received a gift from Okawaru
  9342 | D:6      | Reached skill level 1 in Maces & Flails
  9594 | D:6      | Found an ornate altar of the Wu Jian Council.
  9660 | D:6      | Found a sacrificial altar of Ru.
 10151 | D:7      | Reached skill level 5 in Fighting
 10732 | D:7      | Found an ancient bone altar of Kikubaaqudgha.
 10897 | D:7      | Found a shadowy altar of Dithmenos.
 10898 | D:7      | Found a shimmering altar of Xom.
 11171 | D:8      | Reached **** piety under Okawaru
 11289 | D:8      | Found a stormy altar of Qazlal.
 11311 | D:8      | Noticed a komodo dragon
 11312 | D:8      | Found a staircase to the Lair.
 11445 | D:8      | Killed a komodo dragon
 11445 | D:8      | Reached XP level 10. HP: 86/86 MP: 10/10
 11612 | D:8      | Found a radiant altar of Vehumet.
 11820 | D:9      | Received a gift from Okawaru
 11854 | D:9      | Found a snail-covered altar of Cheibriados.
 12047 | D:9      | Got a heavily runed ring mail
 12059 | D:9      | Identified the +0 ring mail of Experimentation {MP+9} (You
                  | found it on level 9 of the Dungeon)
 12235 | D:9      | Received a gift from Okawaru
 12458 | D:9      | Reached skill level 5 in Maces & Flails
 12515 | D:9      | Noticed a three-headed hydra
 12550 | D:9      | Killed a three-headed hydra
 12550 | D:9      | Received a gift from Okawaru
 12780 | D:10     | Entered Level 10 of the Dungeon
 13051 | D:10     | Reached skill level 10 in Fighting
 13175 | D:10     | Reached ***** piety under Okawaru
 13176 | D:10     | Noticed a two-headed ogre
 13235 | D:10     | Killed a two-headed ogre
 13235 | D:10     | Received a gift from Okawaru
 13414 | D:10     | Reached XP level 11. HP: 101/101 MP: 11/11
 13440 | D:10     | Found a staircase to the Orcish Mines.
 14199 | D:10     | Found a portal to a secret trove of treasure.
 14268 | D:10     | Received a gift from Okawaru
 14538 | D:11     | Noticed an eight-headed hydra
 14568 | D:11     | Killed an eight-headed hydra
 14878 | D:11     | Learned a level 2 spell: Blink
 14882 | D:11     | Learned a level 3 spell: Regeneration
 14885 | D:11     | Learned a level 2 spell: Slow
 15016 | D:11     | Found a labyrinth entrance.
 15025 | Lab      | Entered a labyrinth
 15063 | Lab      | Received a gift from Okawaru
 15066 | Lab      | Got a fine fustibalus {god gift}
 15091 | Lab      | Identified the +3 fustibalus of Udismy {freeze, Int+2}
                  | (Okawaru gifted it to you in a labyrinth)
 15223 | Lab      | Noticed a minotaur
 15252 | Lab      | Killed a minotaur
 15252 | Lab      | Reached skill level 1 in Spellcasting
 15252 | Lab      | Reached skill level 1 in Translocations
 15259 | Lab      | Got a crude granite ring
 15313 | Lab      | Reached skill level 1 in Necromancy
 15675 | Lab      | Got a bloodstained flail
 15698 | D:11     | Reached skill level 1 in Hexes
 15698 | D:11     | Reached skill level 1 in Charms
 15761 | D:11     | Identified the ring "Xukhuot" {rPois Str+5} (You found it
                  | in a labyrinth)
 15847 | D:11     | Found a runed door.
 15854 | D:11     | Noticed a necromancer
 15854 | D:11     | Noticed a tengu reaver
 15855 | D:11     | Found a runed door.
 15856 | D:11     | Noticed a lich
 15857 | D:11     | Noticed a skeletal warrior
 15857 | D:11     | Noticed a deep troll earth mage
 15859 | D:11     | Noticed LLavrengius's ghost (journeyman CeHu)
 15911 | D:11     | Reached skill level 1 in Invocations
 16518 | D:12     | Noticed Nessos
 17241 | Lair:1   | Entered Level 1 of the Lair of Beasts
 17696 | Lair:1   | Received a gift from Okawaru
 17798 | Lair:1   | Received a gift from Okawaru
 17971 | Lair:1   | Received a gift from Okawaru
 18321 | Lair:1   | Reached XP level 12. HP: 111/111 MP: 15/15
 20834 | Lair:3   | Noticed Nergalle
 20839 | Lair:3   | Noticed a seven-headed hydra
 20923 | Lair:3   | Received a gift from Okawaru
 21163 | Lair:3   | Noticed Rupert
 21360 | Lair:2   | Paralysed by Rupert for 4 turns
 21416 | Lair:2   | Paralysed by Rupert for 7 turns
 21423 | Lair:2   | Mangled by Rupert

Skill      XL: |  1  2  3  4  5  6  7  8  9 10 11 12 |
---------------+-------------------------------------+-----
Bows           | 6 7 8 9 11 13 14 | 14.2
Throwing       | 2 3 |  3.3
Unarmed Combat | 2 3 |  3.0
Fighting       | 3 7 10 11 12 | 12.2
Maces & Flails | 3 6 7 |  7.6
Spellcasting   | 2 3 |  3.7
Translocations | 3 4 |  4.5
Necromancy     | 2 4 |  4.3
Hexes          | 2 3 |  3.2
Charms         | 2 3 |  3.1
Invocations    | 2 3 |  3.7
Dodging        | |  1.3
Stealth        | |  0.4

Action                   |  1- 3 |  4- 6 |  7- 9 | 10-12 || total
-------------------------+-------+-------+-------+-------++-------
Melee: Unarmed           |   163 |   228 |   332 |     1 ||   724
       Kick              |    31 |    90 |   162 |    65 ||   348
       Short sword       |     1 |       |       |       ||     1
       Mace              |       |       |    61 |   230 ||   291
       Punch             |       |       |     4 |     7 ||    11
 Fire: Shortbow          |    43 |    61 |   123 |   932 ||  1159
       Fustibalus        |       |    18 |       |       ||    18
Throw: Stone             |       |    36 |    30 |       ||    66
       Tomahawk          |       |       |    91 |       ||    91
 Cast: Regeneration      |       |       |       |     1 ||     1
Invok: Finesse           |       |       |       |     1 ||     1
  Use: Potion            |     1 |       |       |     1 ||     2
       Scroll            |       |     4 |     6 |    13 ||    23
 Stab: Sleeping          |       |       |     1 |       ||     1
  Eat: Chunk             |     2 |     9 |    10 |    11 ||    32
       Ration            |       |       |     2 |     6 ||     8
Armor: Leather armour    |    66 |    35 |    85 |   108 ||   294
       Robe              |       |    65 |   122 |       ||   187
       Skin              |       |       |       |   136 ||   136
Dodge: Dodged            |    81 |   136 |   223 |   225 ||   665
Block: Other             |       |       |       |    39 ||    39
       Reflection        |       |       |       |     1 ||     1
